 Dungeon Crawl Stone Soup version 0.30.1-11-g7821555f0a (webtiles) character file.

Game seed: 5414066831749651809

56 Okkudo the Chopper (level 3, -1/33 HPs)
             Began as a Hill Orc Monk on Nov 29, 2023.
             Killed from afar by Natasha (4 damage)
             ... with a magic dart
             ... on level 2 of the Dungeon.
             The game lasted 00:04:10 (1003 turns).

Okkudo the Chopper (Hill Orc Monk)                  Turns: 1003, Time: 00:04:11

Health: -1/33      AC:  6    Str: 15    XL:     3   Next: 95%
Magic:  3/3        EV: 19    Int: 10    God:
Gold:   67         SH:  0    Dex: 13    Spells: 2/2 levels left

rFire   + + .        a - melded +0 hand axe
rCold   + + .        j - melded +0 buckler
rNeg    + + +        h - melded +0 scale mail
rPois   ∞            (helmet currently unavailable)
rElec   +            (cloak currently unavailable)
rCorr   +            (gloves currently unavailable)
SInv    .            (boots currently unavailable)
Will    .....        (amulet currently unavailable)
Stlth   +            (ring currently unavailable)
HPRegen 0.25/turn    (ring currently unavailable)
MPRegen 0.08/turn

%: no passive effects
@: wisp-form, flying
A: insubstantial, flying, no casting, tiny
a: no special abilities


You were on level 2 of the Dungeon.
You were an insubstantial wisp.
You visited 1 branch of the dungeon, and saw 2 of its levels.

You collected 67 gold pieces.

Inventory:

Hand Weapons
 a - a +0 hand axe (melded)
Missiles
 e - 6 javelins
 o - 3 poisoned darts
Armour
 d - an orb of light
 h - a +0 scale mail (melded)
 j - a +0 buckler (melded)
Scrolls
 b - 2 scrolls of enchant armour {unknown}
 f - a scroll of identify {unknown}
 i - a scroll of vulnerability {unknown}
 m - 2 scrolls of immolation {unknown}
 n - a scroll of brand weapon {unknown}
 p - a scroll of teleportation {unknown}
Potions
 c - 2 potions of ambrosia
 g - a potion of mutation {unknown}
 k - a potion of curing {unknown}
 l - a potion of magic {unknown}


   Skills:
 - Level 3.8 Fighting
 * Level 5.6 Axes
 - Level 2.5 Dodging
 + Level 1.2 Shields


You had 2 spell levels left.
You didn't know any spells.
Your spell library contained the following spells:

 Spells                   Type           Power      Damage    Failure   Level
 Magic Dart               Conj           0%         1d3       36%         1
 Searing Ray              Conj           0%         2d4       50%         2
 Fulminant Prism          Conj/Hex       0%         3d5       98%         4


Dungeon Overview and Level Annotations

Branches:
Dungeon (2/15)

Altars:
Cheibriados

Annotations:
D:2 Natasha


Message History

Natasha is severely wounded.
Natasha zaps a wand.
You turn into an insubstantial wisp.
Your +0 hand axe melds into your body.
Your +0 buckler melds into your body.
Your +0 scale mail melds into your body.
The cerulean imp barely misses you.
You barely miss Natasha.
Natasha is severely wounded.
Natasha claws you. The cerulean imp closely misses you.
You touch Natasha but do no damage.
Natasha is severely wounded.
Natasha casts a spell at you. You resist with significant effort.
The cerulean imp hits you from afar with a +1 spear.
* * * LOW HITPOINT WARNING * * *
You barely miss Natasha.
Natasha is severely wounded.
Natasha claws you but does no damage.
The cerulean imp hits you from afar with a +1 spear.
* * * LOW HITPOINT WARNING * * *
You closely miss Natasha.
Natasha is severely wounded.
Natasha claws you but does no damage. The cerulean imp completely misses you.
Natasha closely misses you.
The cerulean imp hits you but does no damage.
Natasha misses you. The kobold barely misses you.
The cerulean imp hits you with a +1 spear.
* * * LOW HITPOINT WARNING * * *
The kobold misses you. The cerulean imp closely misses you.
Natasha attacks as you move away! Natasha claws you but does no damage.
The kobold hits you but does no damage. The cerulean imp barely misses you.
Natasha misses you.
The cerulean imp disappears in a puff of smoke!
The kobold attacks as you move away! The kobold misses you.
The kobold attacks as you move away! The kobold completely misses you.
Natasha casts a spell.
The kobold attacks as you move away! The kobold hits you but does no damage.
Natasha casts a spell.
Natasha casts a spell at you. The magic dart hits you.
You die...

......................##.# #...K.
.....................##..##...###
....................#.......#.#
..................#.h.....>....
................#....#..#####.#
..........................# #.#
................###........##.#
.......(.......####......[..#.#
.......##....5.Kv.........#..
############....####......###
......##........# #......#
.....†...##5....# ....
...........h#...#
......#######...# ......# #####
......# :.....#


You could see Natasha, 2 cerulean imps and a kobold.

Vanquished Creatures
  A worm (D:2)
  A dart slug (D:1)
  3 ball pythons
  3 bats
  7 endoplasms
  A giant cockroach (D:2)
  4 goblins
  5 hobgoblins
  5 jackals (D:1)
  3 quokkas
  5 kobolds
  5 rats
43 creatures vanquished.

Notes
Turn   | Place    | Note
-------+----------+-------------------------------------------
     0 | D:1      | Okkudo the Hill Orc Monk began the quest for the Orb.
     0 | D:1      | Reached XP level 1. HP: 19/19 MP: 1/1
    40 | D:1      | Reached XP level 2. HP: 26/27 MP: 2/2
   256 | D:1      | Reached skill level 5 in Axes
   256 | D:1      | Reached XP level 3. HP: 13/33 MP: 3/3
   679 | D:2      | Reached skill level 1 in Shields
   808 | D:2      | Found a snail-covered altar of Cheibriados.
   937 | D:2      | Noticed Natasha
   994 | D:2      | HP: 1/33 [cerulean imp/+1 spear[Natasha] (3)]
  1003 | D:2      | Killed from afar by Natasha

Illustrated notes

Levels and vault maps discovered:
D:1:      shiori_arrival_oz, layout_basic
D:2:      layout_rooms, basic_altar, serial_glass, glass_columns_c,
          glass_columns_b, uniq_natasha

Skill      XL: |  1  2  3 |
---------------+----------+-----
Axes           | 5 |  5.6
Shields        | 1 |  1.2
Fighting       | |  3.8
Dodging        | |  2.5

Action                     || total
---------------------------++-------
  Melee: Hand axe          ||   119
         Unarmed           ||     7
 Armour: Robe              ||    11
         Scale mail        ||    51
         Skin              ||     6
  Dodge: Dodged            ||    83
  Block: Buckler           ||    22
